 Dungeon Crawl Stone Soup version 0.19.4-8-ga85b6b9 (webtiles) character file.

23 Naow the Vexing (level 2, -5/11 HPs)
             Began as a Felid Enchanter on Feb 15, 2017.
             Slain by a worm (10 damage)
             ... on level 1 of the Dungeon.
             The game lasted 00:01:26 (570 turns).

Naow the Vexing (Felid Enchanter)                    Turns: 570, Time: 00:01:27

Health: -5/11      AC:  1    Str:  4    XL:     2   Next: 75%
Magic:  3/6        EV: 18    Int: 16    God:
Gold:   42         SH:  0    Dex: 16    Spells: 2 memorised, 2 levels left
                                        Lives:  0   Deaths: 0

rFire  . . .     SeeInvis +       - Unarmed
rCold  . . .     Gourm    .     (armour unavailable)
rNeg   . . .     Faith    .     (shield unavailable)
rPois  .         Spirit   .     (helmet unavailable)
rElec  .         Reflect  .     (cloak unavailable)
rCorr  .         Harm     .     (gloves unavailable)
MR     .....                    (boots unavailable)
Stlth  +++.......               (no amulet)
                                (no ring)
                                (no ring)

@: quick
A: no armour, no weapons or thrown items, stealth, claws 1, fangs 3, see
invisible, carnivore 3, speed 1, shaggy fur 1, slow metabolism 1, sharp paws
a: no special abilities


You were on level 1 of the Dungeon.
You were completely stuffed.

You visited 1 branch of the dungeon, and saw 1 of its levels.

You collected 42 gold pieces.

Inventory:

Jewellery
 d - an uncursed ring of protection from fire {unknown}
Scrolls
 c - a scroll of fear {unknown}
 e - 2 scrolls of enchant armour {unknown}
 h - a scroll of identify {unknown}
 i - a scroll of remove curse {unknown}
Potions
 g - a potion of flight {unknown}
 j - a potion of ambrosia {unknown}
 k - a potion of lignification {unknown}
 l - a potion of cancellation {unknown}
Books
 a - a book of Maledictions

   Spells                             Type                      Level
   a - Corona                         Hexes                        1
   b - Ensorcelled Hibernation        Hexes/Ice                    2
   c - Confuse                        Hexes                        3
   d - Tukima's Dance                 Hexes                        3
   e - Dazzling Spray                 Conjuration/Hexes            3
Comestibles
 b - 2 meat rations
 f - 2 chunks of flesh


   Skills:
 - Level 2.6 Dodging
 + Level 4.2 Stealth
 + Level 1.8 Unarmed Combat
 + Level 2.1 Spellcasting
 + Level 5.0 Hexes


You had 2 spell levels left.
You knew the following spells:

 Your Spells              Type           Power        Failure   Level  Hunger
a - Corona                Hex            ###....      2%          1    #......
b - Ensorcelled Hibernat  Hex/Ice        #.....       12%         2    ###....


Dungeon Overview and Level Annotations

Branches:
Dungeon (1/15)

Altars:


Innate Abilities, Weirdness & Mutations

You cannot wear armour.
You are incapable of wielding weapons or throwing items.
Your paws allow you to move quietly. (Stealth)
You have sharp claws.
You have razor-sharp teeth.
You have supernaturally acute eyesight. (SInv)
You are carnivorous and can eat meat at any time.
You cover ground quickly.
You are covered in fur. (AC +1)
You have a slow metabolism.
Your sharp claws are effective at attacking unaware monsters.


Message History

You kill the hobgoblin!
Your Hexes skill increases to level 5!
A worm is nearby!
A worm is nearby!
Casting: Ensorcelled Hibernation
Confirm with . or Enter, or press ? or * to list all spells.
Aiming: Ensorcelled Hibernation
Press: ? - help, Shift-Dir - straight line, f - worm
Aim: a worm (hasn't noticed you, chance to defeat MR: 50%)
The worm looks drowsy...
You are too injured to fight recklessly!
You are too injured to fight recklessly!
The helpless worm fails to defend itself.
You claw the worm!
The worm is almost dead.
You scratch the worm.
The worm is almost dead.
The worm bites you!
Ouch! That really hurt!
You die...

#.≈# ######
.≈.#
.......
#.#≈.##
####### #.
##.# #. .#
#. ##.# ##.
#.)#
#####..##.#
.......w@.#
######.###
#.#########
#.........#
#########.#
#.#
#.#########
#..........
###########


You could see a worm.

Vanquished Creatures
  3 giant cockroaches (D:1)
  3 goblins (D:1)
  5 hobgoblins (D:1)
  2 bats (D:1)
  3 frilled lizards (D:1)
  2 kobolds (D:1)
  4 rats (D:1)
22 creatures vanquished.

Notes
Turn   | Place    | Note
-------+----------+-------------------------------------------
     0 | D:1      | Naow the Felid Enchanter began the quest for the Orb.
     0 | D:1      | Reached XP level 1. HP: 7/7 MP: 4/4
   194 | D:1      | Reached XP level 2. HP: 11/11 MP: 6/6
   198 | D:1      | Learned a level 2 spell: Ensorcelled Hibernation
   558 | D:1      | Reached skill level 5 in Hexes
   570 | D:1      | Slain by a worm

Skill      XL: |  1  2 |
---------------+-------+-----
Hexes          | 5 |  5.0
Dodging        | |  2.6
Stealth        | |  4.2
Unarmed Combat | |  1.8
Spellcasting   | |  2.1

Action                   || total
-------------------------++-------
Melee: Unarmed           ||    44
       Bite              ||     5
 Cast: Ensorcelled Hiber ||     4
 Stab: Sleeping          ||    14
  Eat: Chunk             ||     7
Dodge: Dodged            ||    23
